 Dungeon Crawl Stone Soup version 0.30.0-29-ga12c61a403 (webtiles) character file.

Game seed: 15941227169053399239

149283 AgateBread the Brawler (level 16, -13/174 HPs)
             Began as a Troll Fighter on June 25, 2023.
             Was an Initiate of Gozag.
             Killed from afar by Louise (40 damage)
             ... with a bolt of lightning
             ... on level 1 of the Shoals.
             The game lasted 03:33:08 (30776 turns).

AgateBread the Brawler (Troll Fighter)             Turns: 30776, Time: 03:33:08

Health: -13/174    AC: 28    Str: 32      XL:     16   Next: 66%
Magic:  15/15      EV:  7    Int:  4      God:    Gozag
Gold:   15         SH: 17    Dex: 16 (17) Spells: 15/15 levels left

rFire   . .          .
                       - Unarmed
rCold   . . .        b - +0 kite shield
rNeg    . . .        i - +5 shadow dragon scales
rPois   +            I - +2 hat {Stlth+}
rElec   .            r - +2 cloak
rCorr   +            (gloves unavailable)
SInv    +            (boots unavailable)
Will    ++...        K - amulet of reflection
Stlth   +++          Z - ring of see invisible
HPRegen 1.29/turn    N - ring "Etsar" {rPois Will+ rCorr Dex+6}
MPRegen 0.14/turn

%: reflection
@: no status effects
A: large, unfitting armour, claws 3, regeneration 1, shaggy fur 1, tough skin 1,
inability to drink after injury 1
}: 1/15 runes: gossamer
a: Renounce Religion, Potion Petition, Call Merchant, Bribe Branch


You were on level 1 of the Shoals.
You worshipped Gozag.
Gozag was noncommittal.
You visited 6 branches of the dungeon, and saw 26 of its levels.
You visited the Abyss 1 time.
You visited 1 bazaar.
You also visited: Sewer.

You collected 9877 gold pieces.
You spent 4794 gold pieces at shops.
You paid 5068 gold pieces to Gozag.

Inventory:

Hand Weapons
 s - the +8 hammer "Afetof" {flame, Int+3 Dex+3}
   (You found it on level 2 of the Dungeon)

   Int:       It affects your intelligence (+3).
   Dex:       It affects your dexterity (+3).
 M - a +5 giant spiked club
 P - a +0 demon whip of venom
 S - the +9 flail "Jokar" {elec, *Rage +Blink rN+++ SInv}
   (You found it on level 1 of the Lair of Beasts)

   rN:        It renders you almost immune to negative energy.
   SInv:      It lets you see invisible.
   +Blink:    It lets you blink.
   *Rage:     It berserks you when you make melee attacks (+20% chance).
 W - the +5 quarterstaff "Saheere" {speed, rC+}
   (You found it on level 3 of the Lair of Beasts)

   rC:        It protects you from cold.
Missiles
 x - 4 silver boomerangs
 F - 2 javelins
 O - 10 boomerangs
 Q - 14 large rocks (quivered)
 Y - 4 curare-tipped darts
Armour
 b - a +0 kite shield (worn)
 d - a +1 robe of cold resistance
 i - +5 shadow dragon scales (worn)
 j - a scarf of shadows
 r - a +2 cloak (worn)
 t - a scarf of repulsion
 G - a +1 cloak
 I - a +2 hat of stealth (worn)
 L - a +2 robe of willpower
Magical Staves
 y - a staff of air
 C - a staff of death
Jewellery
 a - a +4 ring of protection
 g - a +6 ring of intelligence
 k - a ring of protection from fire
 m - a +6 ring of dexterity
 p - a +5 ring of evasion
 E - a ring of ice
 K - an amulet of reflection (around neck)
 N - the ring "Etsar" (right claw) {rPois Will+ rCorr Dex+6}
   (You bought it in a shop on level 10 of the Dungeon)

   [ring of resist corrosion]

   Dex:       It affects your dexterity (+6).
   rPois:     It protects you from poison.
   rCorr:     It protects you from acid and corrosion.
   Will:      It increases your willpower.
 Z - a ring of see invisible (left claw)
Wands
 z - a wand of digging (3)
 A - a wand of flame (30)
 U - a wand of roots (7)
 X - a wand of paralysis (1)
Scrolls
 w - 2 scrolls of fog
 B - a scroll of enchant weapon
 H - 4 scrolls of magic mapping
 T - 6 scrolls of identify
Potions
 l - a potion of might
 n - 4 potions of cancellation
 o - 5 potions of flight
 q - 7 potions of lignification
 u - 2 potions of ambrosia
 v - 3 potions of mutation
 D - 2 potions of attraction
 R - a potion of invisibility
Miscellaneous
 c - a piece from Xom's chessboard (15/15)
 e - a phantom mirror (inert)
 f - a condenser vane (inert)
 V - a box of beasts (inert)


   Skills:
 + Level 14.7 Fighting
 + Level 4.3 Throwing
 - Level 10.2 Armour
 - Level 2.4 Dodging
 - Level 10.0 Shields
 + Level 17.2 Unarmed Combat
 - Level 11.0 Evocations


You had 15 spell levels left.
You didn't know any spells.
Your spell library contained the following spells:

 Spells                   Type           Power      Damage    Failure   Level
 Apportation              Tloc           0%         N/A       97%         1
 Necrotise                Necr           0%         1d4       97%         1
 Summon Small Mammal      Summ           0%         N/A       97%         1
 Blink                    Tloc           0%         N/A       99%         2
 Cigotuvi's Dreadful Rot  Necr/Pois/Air  0%         N/A       99%         2
 Ensorcelled Hibernation  Hex/Ice        0%         N/A       99%         2
 Lesser Beckoning         Tloc           0%         N/A       99%         2
 Momentum Strike          Conj/Tloc      0%         3d8       99%         2
 Sublimation of Blood     Necr           0%         N/A       99%         2
 Wereblood                Tmut           0%         N/A       99%         2
 Gell's Gravitas          Tloc           0%         N/A       100%        3
 Inner Flame              Hex/Fire       0%         N/A       100%        3
 Portal Projectile        Hex/Tloc       0%         N/A       100%        3
 Spider Form              Tmut/Pois      0%         N/A       100%        3
 Teleport Other           Tloc           0%         N/A       100%        3
 Tukima's Dance           Hex            0%         N/A       100%        3
 Anguish                  Hex/Necr       0%         N/A       100%        4
 Dispel Undead            Necr           0%         3d6       100%        4
 Flame Wave               Conj/Fire      0%         2d4       100%        4
 Passage of Golubria      Tloc           0%         N/A       100%        4
 Sticky Flame             Conj/Fire      0%         2d3       100%        4
 Blade Hands              Tmut           0%         N/A       100%        5
 Borgnjor's Vile Clutch   Necr/Erth      0%         N/A       100%        5
 Fireball                 Conj/Fire      0%         3d3       100%        5
 Iskenderun's Battlesphe  Conj           0%         2d6       100%        5
 Yara's Violent Unravell  Hex/Tmut       0%         3d3       100%        5
 Conjure Ball Lightning   Conj/Air       0%         3x3d6     100%        6
 Death Channel            Necr           0%         N/A       100%        6
 Dispersal                Tloc           0%         N/A       100%        6
 Orb of Destruction       Conj           0%         9d5       100%        7
 Summon Hydra             Summ           0%         N/A       100%        7
 Animate Dead             Necr           Unusable   N/A       N/A         4

Dungeon Overview and Level Annotations

Branches:
Dungeon (13/15)            Temple (1/1) D:4            Lair (5/5) D:10
 Shoals (1/4) Lair:2       Spider (4/4) Lair:3        Slime (0/5) Lair:4
    Orc (2/2) D:12            Elf (0/3) Orc:2         Sewer (visited)
 Vaults: D:13-14

Altars:
Ashenzari
Cheibriados
Dithmenos
Elyvilon
Fedhas
Gozag
Hepliaklqana
Kikubaaqudgha
Makhleb
Nemelex Xobeh
Okawaru
Qazlal
Ru
Sif Muna
Trog
Uskayaw
Vehumet
Wu Jian
Xom
Yredelemnul
Zin
The Shining One
Jiyva
Lugonu

Shops:
D:3 :   D:10 ==   D:11 :   Orc:2 (:(?   Lair:3 [   Spider:4 [

Portals:
Abyss: D:8 Lair:5

Annotations:
D:8 2 transporters, 1 exclusion, howech's ghost, novice MiGl
D:12 1 runed translucent door
D:13 Urug
Shoals:1 Louise; Roxanne


Innate Abilities, Weirdness & Mutations

You are too large for most types of armour.
You have claws for hands.
Your natural rate of healing is unusually fast.
You are covered in fur. (AC +1)
You have tough skin. (AC +1)
You occasionally lose the ability to drink potions when taking damage.


Message History

Aim: Louise, wielding a +4 morningstar of protection, wearing a +0 chain mail and wearing a +2 tower shield of protection (almost dead, 80% to hit)
You throw a large rock. The merfolk impaler shouts!
The large rock hits Louise but does no damage.
Louise is almost dead.
You hear a splash.
You start to feel less resistant.
Louise casts a spell.
Louise blinks!
The wind drake exhales a fierce blast of wind!
Your resistance to elements expires.
A merfolk siren comes into view. It is wielding a +0 trident.
The merfolk throws a boomerang.
You block the boomerang with an invisible shield... and reflect it back!
The boomerang hits the merfolk!!
Throw: 16 large rocks
Press: ? - help, Q - select action, (/) - cycle Shift-Dir - straight line, f/p - Louise
Aim: Louise, wielding a +4 morningstar of protection, wearing a +0 chain mail and wearing a +2 tower shield of protection (severely wounded, 80% to hit)
You throw a large rock.
Louise blocks the large rock.
The merfolk siren shouts!
Louise points at you and mumbles some strange words.
You resist with almost no effort.
The merfolk throws a boomerang.
The boomerang hits you!
* * * LOW HITPOINT WARNING * * *
Louise blocks your attack.
Louise is severely wounded.
The wind drake exhales a fierce blast of wind!
You are knocked back by the gust of wind.
Louise is knocked back by the gust of wind.
Louise slams into the rock wall!
Louise is almost dead.
Throw: 15 large rocks
Press: ? - help, Q - select action, (/) - cycle Shift-Dir - straight line, f/p - Louise
Aim: Louise, wielding a +4 morningstar of protection, wearing a +0 chain mail and wearing a +2 tower shield of protection (almost dead, 80% to hit)
You throw a large rock.
Louise blocks the large rock.
You block the merfolk impaler's attack. Louise casts a spell at you.
The bolt of lightning hits you!!!
You die...
Your body crumbles into a pile of gold.

≈≈≈≈≈≈≈≈≈~~~~$~~~~~~≈
≈≈≈≈≈≈~~~~~~~.~~~~~~≈
≈≈P~~~~~~~~~...~~~~~~
≈~P~~~~~~~~~..(~~~~~~
P~P~~~~~..~.....~~~~~
~~P~~~~~..~.##.....~~
~~~~~~~~..~)###.~~~~.
.~~........~~~~~~~~..
........@@k..~(~~~~.#
......m..#(..~~~~~~.#
........m#.(.~~~~~~.#
........m##.~~(.~~~~.
............~~~~~~.
≈.........~~~~~~~..
≈≈........~~~~~~...
..~~~~.....~~~~P.PPP...P
≈≈~~~~~..#..~~~P~.......


You could see Louise, a merfolk impaler, a wind drake (repels missiles, catching
breath), a merfolk and a merfolk siren.

Vanquished Creatures
  An ancient lich (Abyss:3)
  Arachne (Spider:3)
  A lich (Abyss:3)
  A storm dragon (D:13)
  5 emperor scorpions
  3 ghost moths (Spider:4)
  3 broodmothers (Spider:4)
  A white draconian (Abyss:3)
  An ettin (D:12)
  A fire dragon (D:13)
  A merfolk impaler (Shoals:1)
  3 entropy weavers
  A hydra (Lair:3)
  2 ogre magi (Orc:2)
  7 centaur warriors
  2 radroaches
  9 two-headed ogres
  A death knight (D:13)
  A catoblepas (Lair:1)
  2 tengu warriors (D:13)
  A vampire mage (Abyss:3)
  5 boulder beetles
  A deep troll earth mage (D:13)
  2 thrashing horrors (Lair:5)
  Amaemon (D:9)
  A wretched star (Abyss:3)
  A skyshark (Lair:5)
  2 pharaoh ants (Spider:3)
  2 sun moths (Spider:4)
  2 deep trolls (Orc:2)
  9 orb spiders
  Pikel (D:8)
  6 steelbarb worms
  3 orc knights
  3 deep elf pyromancers
  4 ugly things
  An orc sorcerer (Orc:2)
  19 wolf spiders
  5 cyclopes
  A manticore (Lair:2)
  A moth of wrath (Spider:4)
  A glowing shapeshifter (D:13)
  A worldbinder (Abyss:3)
  8 demonic crawlers
  5 smoke demons
  5 black mambas
  Maurice (D:9)
  9 elephants
  Joseph (D:8)
  3 gargoyles
  3 orange demons
  8 cane toads
  6 torpor snails
  A cane toad (shapeshifter) (Lair:5)
  A rime drake (Lair:4)
  11 large abominations
  3 kobold demonologists (D:9)
  4 komodo dragons
  3 ancient zymes
  A polar bear (Lair:5)
  A meliai (Lair:3)
  10 trolls
  A troll (shapeshifter) (Lair:5)
  16 tarantellas
  A hornet (D:8)
  12 blink frogs
  2 wind drakes
  A snapping turtle (Shoals:1)
  A raiju (Abyss:3)
  18 culicivoras
  A vampire (D:13)
  2 spriggans
  A ynoxinul (Lair:5)
  A culicivora (shapeshifter) (D:13)
  2 wraiths
  29 jumping spiders
  38 yaks
  3 shadows
  12 small abominations
  5 wyverns
  7 basilisks
  8 starcursed masses (Abyss:3)
  A steam dragon (D:9)
  38 redbacks
  4 chaos spawn
  2 neqoxecs (Abyss:3)
  2 acid dragons
  A warg (Orc:2)
  8 water moccasins
  Duvessa (D:7)
  An ice beast (D:6)
  A sky beast (D:7)
  2 black bears
  17 orc warriors
  25 ogres
  14 centaurs
  16 wolves
  A phantom (D:12)
  5 kobold brigands
  8 bullfrogs
  32 scorpions (Spider:3)
  2 gnoll sergeants (D:7)
  Dowan (D:7)
  11 wights
  2 troll zombies (D:12)
  5 killer bees
  8 electric eels
  4 howler monkeys
  A crimson imp (Abyss:3)
  7 hounds
  2 quasits (Abyss:3)
  16 orc priests
  2 gnoll boudas
  3 jellies
  A sleepcap (D:7)
  Crazy Yiuf (D:2)
  Jessica (D:2)
  17 orc wizards
  3 iguanas
  6 ogre zombies (D:12)
  20 gnolls
  9 adders
  4 river rats
  6 white imps
  An ufetubus (D:5)
  3 worms
  4 dart slugs
  49 orcs
  3 bats
  7 endoplasms
  4 giant cockroaches
  8 goblins
  13 hobgoblins
  4 jackals (D:4)
  25 kobolds
  4 quokkas
  6 ball pythons
  2 frilled lizards (D:2)
  A goblin skeleton (D:12)
  2 goblin zombies (D:12)
  2 hobgoblin zombies (D:12)
  5 orc skeletons (D:12)
  15 orc zombies (D:12)
  12 rats
846 creatures vanquished.

Vanquished Creatures (collateral kills)
  A daeva (Abyss:3)
  A glowing orange brain (Abyss:3)
  A jumping spider (Spider:3)
  A ynoxinul (Abyss:3)
  A hell hound (Abyss:3)
  An orc (D:8)
6 creatures vanquished.

Vanquished Creatures (others)
  A jumping spider (Spider:2)
  2 starspawn tentacles (Abyss:3)
3 creatures vanquished.

Grand Total: 855 creatures vanquished

Notes
Turn   | Place    | Note
-------+----------+-------------------------------------------
     0 | D:1      | AgateBread the Troll Fighter began the quest for the Orb.
     0 | D:1      | Reached XP level 1. HP: 22/22 MP: 0/0
   226 | D:1      | Reached XP level 2. HP: 29/29 MP: 1/1
   715 | D:2      | Reached XP level 3. HP: 36/36 MP: 2/2
   781 | D:2      | Identified the +7 ring mail of Ycereloe {Slay+6 Stlth-}
   949 | D:2      | Found a runed translucent door.
   950 | D:2      | Noticed Crazy Yiuf
  1106 | D:2      | Noticed Jessica
  1116 | D:2      | Killed Jessica
  1117 | D:2      | Reached skill level 3 in Unarmed Combat
  1117 | D:2      | Reached XP level 4. HP: 43/45 MP: 3/3
  1292 | D:2      | Killed Crazy Yiuf
  1298 | D:2      | Identified the +8 hammer "Afetof" {flame, Int+3 Dex+3}
  1514 | D:3      | Found Okkarr's Vocational Training.
  1910 | D:4      | Reached XP level 5. HP: 49/53 MP: 4/4
  2162 | D:4      | Found a staircase to the Ecumenical Temple.
  2219 | Temple   | Entered the Ecumenical Temple
  2438 | Temple   | Became a worshipper of Gozag Ym Sagoz the Greedy
  2537 | D:4      | Found a shimmering blue altar of Sif Muna.
  2572 | D:4      | Reached skill level 4 in Unarmed Combat
  2677 | D:4      | Found a glowing golden altar of the Shining One.
  2857 | D:5      | Entered Level 5 of the Dungeon
  2936 | D:5      | Reached XP level 6. HP: 61/61 MP: 5/5
  3699 | D:6      | Reached skill level 5 in Shields
  3703 | D:6      | Reached skill level 5 in Unarmed Combat
  3705 | D:6      | Found a glowing drain.
  3730 | Sewer    | Entered a sewer
  3795 | Sewer    | Reached XP level 7. HP: 57/67 MP: 6/6
  4139 | D:6      | Reached skill level 6 in Unarmed Combat
  4204 | D:6      | Reached XP level 8. HP: 53/75 MP: 7/7
  5020 | D:7      | Reached skill level 7 in Unarmed Combat
  5341 | D:7      | Noticed Dowan
  5342 | D:7      | Noticed Duvessa
  5352 | D:7      | Killed Duvessa
  5653 | D:7      | Killed Dowan
  5654 | D:7      | Reached skill level 8 in Unarmed Combat
  5813 | D:7      | Reached XP level 9. HP: 81/81 MP: 8/8
  6211 | D:8      | Noticed Pikel
  6228 | D:8      | Killed Pikel
  6229 | D:8      | Reached skill level 9 in Unarmed Combat
  6440 | D:8      | Found a hide-covered altar of Uskayaw.
  6499 | D:8      | Noticed Joseph
  6536 | D:8      | Killed Joseph
  6537 | D:8      | Reached skill level 10 in Unarmed Combat
  6713 | D:8      | Found a burning altar of Makhleb.
  6713 | D:8      | Found an iron altar of Okawaru.
  6775 | D:8      | Reached skill level 10 in Shields
  6775 | D:8      | Reached XP level 10. HP: 36/91 MP: 9/9
  6933 | D:8      | Found a transporter.
  6959 | D:8      | Found a transporter.
  6990 | D:8      | Noticed a toenail golem
  7007 | D:8      | Found a one-way gate to the infinite horrors of the Abyss.
  7007 | D:8      | Noticed howech's ghost (novice MiGl)
  7131 | D:8      | Noticed an orange demon
  7141 | D:8      | Noticed Amaemon
  7164 | D:9      | Noticed Maurice
  7186 | D:9      | Killed Maurice
  8438 | D:9      | Found a bloodstained altar of Trog.
  8793 | D:10     | Entered Level 10 of the Dungeon
  8857 | D:10     | Reached skill level 5 in Fighting
  8857 | D:10     | Reached skill level 11 in Unarmed Combat
  9083 | D:10     | Reached XP level 11. HP: 84/105 MP: 10/10
  9128 | D:10     | Identified a scroll of acquirement
  9128 | D:10     | Acquired 976 gold pieces
  9173 | D:10     | Found Ocageg's Jewellery Emporium.
  9978 | D:10     | Bought an amulet of reflection for 450 gold pieces
  9978 | D:10     | Bought the ring "Etsar" {rPois Will+ rCorr Dex+6} for 741
                  | gold pieces
 10002 | D:10     | Bought a +4 ring of protection for 612 gold pieces
 10223 | D:11     | Reached skill level 12 in Unarmed Combat
 10278 | D:11     | Noticed a boulder beetle
 10290 | D:11     | Killed a boulder beetle
 10427 | D:11     | Found Effuw's Tremendous Tomes.
 10460 | D:11     | Noticed a boulder beetle
 10509 | D:11     | Killed a boulder beetle
 10997 | D:12     | Noticed a boulder beetle
 11011 | D:12     | Killed a boulder beetle
 11099 | D:12     | Found a staircase to the Orcish Mines.
 11264 | D:12     | Noticed a centaur warrior
 11365 | D:12     | Reached skill level 13 in Unarmed Combat
 11483 | D:12     | Noticed an ettin
 11484 | D:12     | Noticed a sphinx
 11484 | D:12     | Noticed a tengu reaver
 11514 | D:12     | Noticed a deep elf pyromancer
 11521 | D:12     | Killed a deep elf pyromancer
 11522 | D:12     | Reached skill level 1 in Armour
 11695 | D:12     | Noticed a centaur warrior
 11698 | D:12     | Found a runed translucent door.
 11702 | D:12     | Killed a centaur warrior
 11723 | D:12     | Killed a centaur warrior
 12257 | D:13     | Noticed a centaur warrior
 12271 | D:13     | Killed a centaur warrior
 12281 | D:13     | Reached XP level 12. HP: 122/122 MP: 11/11
 12292 | D:13     | Noticed a vault guard
 12293 | D:13     | Noticed a vault guard
 12305 | D:13     | Noticed a centaur warrior
 12308 | D:13     | Killed a centaur warrior
 12316 | D:13     | Noticed a two-headed ogre
 12327 | D:13     | Killed a two-headed ogre
 12357 | D:13     | Noticed a centaur warrior
 12362 | D:13     | Noticed Urug
 12565 | D:10     | Found a staircase to the Lair.
 12759 | Lair:1   | Entered Level 1 of the Lair of Beasts
 13152 | Lair:1   | Identified the +9 flail "Jokar" {elec, *Rage +Blink rN+++
                  | SInv}
 13539 | Lair:2   | Noticed a catoblepas
 13581 | Lair:1   | Killed a catoblepas
 13748 | Lair:2   | Reached skill level 5 in Armour
 14003 | Lair:2   | Reached skill level 10 in Fighting
 14256 | Lair:2   | Found a staircase to the Shoals.
 14601 | Lair:3   | Found a hole to the Spider Nest.
 14769 | Lair:3   | Identified the +5 quarterstaff "Saheere" {speed, rC+}
 14960 | Lair:3   | Noticed an eight-headed hydra
 15147 | Lair:3   | Killed an 11-headed hydra
 15852 | Lair:3   | Bought +1 shadow dragon scales for 1218 gold pieces
 16107 | Lair:4   | Reached XP level 13. HP: 136/136 MP: 12/12
 16180 | Lair:4   | Found a viscous altar of Jiyva.
 16181 | Lair:4   | Found a staircase to the Slime Pits.
 16771 | Lair:5   | Entered Level 5 of the Lair of Beasts
 18217 | Lair:5   | Found a corrupted altar of Lugonu.
 18224 | Lair:5   | Reached skill level 10 in Armour
 18902 | D:9      | Killed Amaemon
 19041 | D:3      | Bought a manual of Evocations for 880 gold pieces
 19214 | Orc:1    | Entered Level 1 of the Orcish Mines
 19248 | Orc:1    | Reached skill level 1 in Evocations
 19451 | Orc:2    | Entered Level 2 of the Orcish Mines
 19463 | Orc:2    | Found a staircase to the Elven Halls.
 19504 | Orc:2    | Found a flickering gateway to a bazaar.
 19537 | Orc:2    | Reached XP level 14. HP: 134/148 MP: 13/13
 19562 | Bazaar   | Entered a bazaar
 19564 | Bazaar   | Found Quonti's Assorted Antiques.
 19568 | Bazaar   | Found Qicicehi's Magic Scroll Boutique.
 19568 | Bazaar   | Found Kugebail's Jewellery Boutique.
 19568 | Bazaar   | Found Gasehe's Antique Armour Boutique.
 19613 | Bazaar   | Bought a ring of protection from fire for 300 gold pieces
 19621 | Bazaar   | Bought a scroll of fear for 68 gold pieces
 19660 | Bazaar   | Bought a potion of berserk rage for 90 gold pieces
 19660 | Bazaar   | Bought a scroll of magic mapping for 135 gold pieces
 20295 | Orc:1    | You fall into a shaft and drop 1 floor!
 20400 | Orc:2    | Reached skill level 5 in Evocations
 20513 | Orc:2    | Found Josin's Book Boutique.
 20553 | Orc:2    | Paralysed by something for 4 turns
 20623 | Orc:2    | Found Xomp's Weapon Boutique.
 20645 | Orc:2    | Paralysed by an ogre mage for 5 turns
 20660 | Orc:2    | Found Moadehovin's Antique Weapon Shoppe.
 20677 | Orc:2    | Found Hoamib's Magic Scroll Shop.
 20695 | Orc:2    | Bought 3 scrolls of enchant armour for 225 gold pieces
 20695 | Orc:2    | Bought a scroll of magic mapping for 75 gold pieces
 21551 | Orc:1    | You fall into a shaft and drop 1 floor!
 21874 | D:13     | Reached skill level 10 in Evocations
 22130 | D:13     | Noticed a frost giant
 22183 | D:13     | Noticed a vampire knight
 22343 | D:13     | Noticed a storm dragon
 22355 | D:13     | Killed a storm dragon
 22404 | D:13     | Reached skill level 14 in Unarmed Combat
 22513 | D:13     | Found the +5 glaive of the Guard {elec, spectral, AC+5}
 23153 | Spider:1 | Entered Level 1 of the Spider Nest
 23318 | Spider:1 | You fall into a shaft and drop 1 floor!
 23353 | Spider:2 | Reached XP level 15. HP: 49/156 MP: 14/14
 23663 | Spider:2 | Identified the +9 flail of Glory {heavy, rF+ Will- Dex+5}
 25010 | Spider:3 | Reached skill level 15 in Unarmed Combat
 25193 | Spider:3 | Noticed an emperor scorpion
 25644 | Spider:3 | Noticed Arachne
 25655 | Spider:3 | Killed Arachne
 26144 | Spider:3 | Killed an emperor scorpion
 26673 | Spider:4 | Entered Level 4 of the Spider Nest
 27239 | Spider:4 | Noticed an emperor scorpion
 28196 | Spider:4 | Reached skill level 16 in Unarmed Combat
 28392 | Spider:4 | Noticed an emperor scorpion
 28408 | Spider:4 | Killed an emperor scorpion
 28610 | Spider:4 | Killed an emperor scorpion
 28650 | Spider:4 | Reached XP level 16. HP: 148/171 MP: 15/15
 29551 | Spider:4 | Reached skill level 1 in Throwing
 29696 | Spider:4 | Got a gossamer rune of Zot
 29891 | Spider:4 | Identified the orb of Recklessness {*channel, rN+ SInv}
 30077 | Shoals:1 | Entered Level 1 of the Shoals
 30115 | Shoals:1 | Noticed Roxanne
 30155 | Shoals:1 | Noticed Louise
 30161 | Abyss:3  | Cast into level 3 of the Abyss (Louise)
 30275 | Abyss:3  | Gained mutation: You occasionally lose the ability to drink
                  | potions when taking damage. [potion of mutation]
 30631 | Abyss:3  | Reached skill level 17 in Unarmed Combat
 30667 | Abyss:3  | Noticed a lich
 30685 | Abyss:3  | Killed a lich
 30704 | Abyss:3  | Noticed a tentacled starspawn
 30708 | Abyss:3  | Noticed an ancient lich
 30723 | Abyss:3  | HP: 5/174 [ancient lich (12)]
 30730 | Abyss:3  | Killed an ancient lich
 30743 | Shoals:1 | Escaped the Abyss
 30776 | Shoals:1 | Killed from afar by Louise

Illustrated notes

Levels and vault maps discovered:
D:1:      spicycebolla_arrival_xxxplode, layout_loops_cross
D:2:      layout_basic, minmay_cut_off, uniq_jessica, uniq_crazy_yiuf_cottage
D:3:      layout_loops_ring, nicolae_shop_vocational
D:4:      layout_cave_pools, old_standard_altar, mainiacjoe_overflow_alcove_1,
          temple_pool_b
D:5:      layout_loops_cross, minmay_misc_feat_roman, minivault_27
D:6:      layout_basic, portal_sewer_entry_b, minmay_door_square
D:7:      layout_gridville, uniq_duvessa
D:8:      layout_loops_ring, gammafunk_temple_overflow_elements,
          nicolae_uskayaw_murder_on_the_dancefloor,
          gammafunk_ghost_abyssal_escape, the_hattery, uniq_joseph,
          uniq_amaemon, uniq_pikel
D:9:      layout_layer_cave, trog_hazing_becter, uniq_maurice
D:10:     layout_cave_pools, erik_lair_island, nicolae_stop_n_shop_1
D:11:     layout_cave_pools, nicolae_shop_i_like_big_books
D:12:     layout_loops_ring, zombieorc2_lemuel, minmay_hidden_floor
D:13:     minmay_guarded_unrand_guard, layout_cave_pools,
          grunt_vaults_entry_fortified, uniq_urug
Temple:   nicolae_temple_slightly_damp_pantheon
Lair:1:   layout_long_grid
Lair:2:   layout_regular_city, minmay_shoals_entry_beasts, grunt_megastairs_2
Lair:3:   layout_cellular_growth, hellmonk_spider_entry_not_the_bees,
          grunt_megastairs_3
Lair:4:   layout_gridlike, slime_entry_1
Lair:5:   hellmonk_lair_end_abyssal_woods, layout_small_grid
Shoals:1: layout_shoals, serial_shops, nicolae_square_shop,
          lemuel_altar_in_water2, uniq_roxanne, uniq_josephine, uniq_louise
Spider:1: layout_spider_delve
Spider:2: layout_spider_delve, guppyfry_spider_mini_2
Spider:3: spiders_nest_a, nicolae_spider_cling_halls, uniq_arachne
Spider:4: guppyfry_spider_rune
Orc:1:    layout_diamond_mine
Orc:2:    st_orc_open, layout_diamond_mine, serial_shops, bzr_in_the_mist,
          basic_altar, nicolae_orc_lost_temple

Skill      XL: |  1  2  3  4  5  6  7  8  9 10 11 12 13 14 15 16 |
---------------+-------------------------------------------------+-----
Shields        | 3 4 5 6 7 10 | 10.0
Fighting       | 3 6 8 10 12 13 14 | 14.7
Unarmed Combat | 3 4 5 6 8 10 11 13 14 16 17 | 17.2
Armour         | 3 7 10 | 10.2
Evocations     | 2 11 | 11.0
Throwing       | 4 |  4.3
Dodging        | |  2.4

Action                     |  1- 3 |  4- 6 |  7- 9 | 10-12 | 13-15 | 16-18 || total
---------------------------+-------+-------+-------+-------+-------+-------++-------
  Melee: Unarmed           |    98 |   163 |   255 |   621 |  1270 |   370 ||  2777
         Staff             |       |       |       |     6 |       |       ||     6
  Throw: Throwing net      |       |     1 |     3 |       |     2 |     2 ||     8
         Javelin           |       |       |     6 |     7 |     1 |       ||    14
         Dart              |       |       |     9 |    10 |       |       ||    19
         Large rock        |       |       |       |     3 |    18 |     9 ||    30
         Boomerang         |       |       |       |     1 |       |       ||     1
 Invoke: Call Merchant     |       |       |       |     2 |       |     1 ||     3
         Potion Petition   |       |       |       |       |     1 |     4 ||     5
  Evoke: Wand              |       |     1 |     8 |    12 |     7 |     7 ||    35
         Box of beasts     |       |       |       |       |     3 |     2 ||     5
         Phantom mirror    |       |       |       |       |     2 |     2 ||     4
         Condenser vane    |       |       |       |       |     2 |     2 ||     4
    Use: Scroll            |       |    14 |     5 |    13 |    18 |     2 ||    52
         Potion            |       |       |     7 |     7 |    17 |     6 ||    37
   Stab: Held in net/web   |       |       |     2 |       |       |       ||     2
         Invisible         |       |       |     1 |       |     5 |       ||     6
         Distracted        |       |       |     1 |     3 |     7 |     2 ||    13
         Paralysed         |       |       |       |     4 |     5 |     5 ||    14
         Sleeping          |       |       |       |     6 |     7 |       ||    13
 Armour: Robe              |    20 |    29 |    38 |   187 |       |       ||   274
         Skin              |       |       |       |     2 |       |       ||     2
         Shadow dragon sca |       |       |       |    14 |   832 |   286 ||  1132
  Dodge: Dodged            |    24 |    44 |    69 |   232 |   296 |   102 ||   767
  Block: Kite shield       |    26 |    63 |   107 |   447 |  1258 |   353 ||  2254
         Reflection        |       |       |       |    27 |    30 |     3 ||    60
